 Dungeon Crawl Stone Soup version 0.18-a0-1273-g8ec5f8e (webtiles) character file.

2782 vatarom the Conjurer (level 9, -12/58 HPs)
             Began as a High Elf Fire Elementalist on Feb 7, 2016.
             Was a Believer of Vehumet.
             Killed by the air
             ... invoked by Gastronok
              (45 damage)
             ... on level 8 of the Dungeon.
             The game lasted 00:27:02 (9487 turns).

vatarom the Conjurer (High Elf Fire Elementalist)   Turns: 9487, Time: 00:27:02

Health: -12/58     AC:  7    Str: 10    XL:     9   Next: 43%
Magic:  6/20       EV: 16    Int: 20    God:    Vehumet [**....]
Gold:   323        SH:  0    Dex: 16    Spells: 7 memorised, 3 levels left

rFire  . . .     SeeInvis .     r - +0 war axe
rCold  . . .     Gourm    .     a - +1 robe
rNeg   . . .     Faith    .     (no shield)
rPois  .         Spirit   .     (no helmet)
rElec  .         Dismiss  .     i - +0 cloak
rCorr  .         Reflect  .     k - +2 pair of gloves
SustAt .         Harm     +     (no boots)
MR     .....                    d - amulet of harm
Stlth  ++........               (no ring)
                                (no ring)

@: not resistant to hostile enchantments, unstealthy
A: no striking features
a: Renounce Religion


You were on level 8 of the Dungeon.
You worshipped Vehumet.
Vehumet was pleased with you.
You were not hungry.

You visited 2 branches of the dungeon, and saw 9 of its levels.

You collected 323 gold pieces.

Inventory:

Hand Weapons
 r - a +0 war axe (weapon)
Armour
 a - a +1 robe (worn)
 h - a +0 pair of gloves
 i - a +0 cloak (worn)
 k - a +2 pair of gloves (worn)
Jewellery
 d - an amulet of harm (around neck)
Wands
 n - a wand of iceblast (6/15)
 q - a wand of iceblast (13/15)
Scrolls
 c - 2 scrolls of magic mapping
 e - 7 scrolls of identify
 f - 2 scrolls of amnesia
 g - 2 scrolls of enchant armour
 j - a scroll of blinking
 l - a scroll of teleportation
 o - 3 scrolls of remove curse
Potions
 m - 2 potions of cure mutation
Books
 b - a book of Flames

   Spells                             Type                      Level
   a - Flame Tongue                   Conjuration/Fire             1
   b - Throw Flame                    Conjuration/Fire             2
   c - Conjure Flame                  Conjuration/Fire             3
   d - Inner Flame                    Hexes/Fire                   3
   e - Sticky Flame                   Conjuration/Fire             4
   f - Fireball                       Conjuration/Fire             5
 p - a book of Minor Magic

   Spells                             Type                      Level
   a - Magic Dart                     Conjuration                  1
   b - Blink                          Translocation                2
   c - Call Imp                       Summoning                    2
   d - Repel Missiles                 Charms/Air                   2
   e - Slow                           Hexes                        2
   f - Conjure Flame                  Conjuration/Fire             3
   g - Mephitic Cloud                 Conjuration/Poison/Air       3
Comestibles
 s - 6 beef jerkies
 t - 6 bread rations
 u - a slice of pizza


   Skills:
 - Level 4.2 Fighting
 + Level 6.6 Dodging
 - Level 2.1 Stealth
 - Level 7.0 Spellcasting
 - Level 7.1 Conjurations
 - Level 6.8 Fire Magic


You had 3 spell levels left.
You knew the following spells:

 Your Spells              Type           Power        Failure   Level  Hunger
a - Flame Tongue          Conj/Fire      #####        1%          1    None
b - Throw Flame           Conj/Fire      #####.       1%          2    None
c - Conjure Flame         Conj/Fire      #####...     1%          3    #......
d - Sticky Flame          Conj/Fire      #####...     8%          4    ###....
e - Fireball              Conj/Fire      #####.....   17%         5    #####..
f - Mephitic Cloud        Conj/Pois/Air  ###.....     12%         3    #......
g - Freeze                Ice            #...         12%         1    None


Dungeon Overview and Level Annotations

Branches:
Dungeon (8/15)             Temple (1/1) D:6
   Lair: D:8-11

Altars:
Ashenzari
Cheibriados
Dithmenos
Elyvilon
Fedhas
Gozag
Kikubaaqudgha
Makhleb
Nemelex Xobeh
Okawaru
Pakellas
Qazlal
Ru
Sif Muna
Vehumet
Xom
Yredelemnul
Zin
The Shining One

Annotations:
D:5 tasslehoff34's ghost, novice GrMo
D:8 Gastronok


Message History

The air twists around and strikes you!
Casting: Flame Tongue
Confirm with . or Enter, or press ? or * to list all spells.
Aiming: Fireball
Press: ? - help, Shift-Dir - straight line, f/p - Gastronok
Aim: Gastronok, wearing an embroidered hat (lightly wounded)
The fireball explodes!
The fireball engulfs Gastronok.
Gastronok is moderately wounded.
Unknown command.
Casting: Fireball
Confirm with . or Enter, or press ? or * to list all spells.
Aiming: Flame Tongue
Press: ? - help, Shift-Dir - straight line, f/p - Gastronok
Aim: Gastronok, wearing an embroidered hat (moderately wounded)
The flame tongue hits Gastronok.
Gastronok is moderately wounded.
Gastronok waves his eye-stalks in wide circles.
The air twists around and strikes you!
Ouch! That really hurt!
You die...

#.......##....#########
#.......##.............
#.########.........<)..
#.# ###.........[. #.#
#........... #.#
#########... #.######
#### #......# ######@#
#.# #ยง# #w# #.# ..#
### ## #. #.


You could see Gastronok.

Vanquished Creatures
  A water moccasin (D:6)
  A wasp (D:7)
  A sky beast (D:7)
  An ice beast (D:7)
  4 phantoms
  A centaur (D:5)
  5 ogres
  A big kobold (D:8)
  4 giant frogs
  4 crimson imps
  2 hounds
  A jelly (D:7)
  3 giant frog skeletons
  2 orc priests
  A gnoll shaman (D:6)
  7 orc wizards
  3 iguanas
  8 worker ants
  A hound zombie (D:6)
  7 adders
  9 gnolls
  A shadow imp (D:6)
  An ooze (D:1)
  An adder zombie (D:8)
  An adder skeleton (D:7)
  3 worms
  3 giant geckos
  38 orcs
  4 giant cockroaches
  5 goblins
  14 hobgoblins
  17 jackals
  16 kobolds
  5 quokkas
  A ball python (D:1)
  8 bats
  3 giant newts
  8 rats
196 creatures vanquished.

Notes
Turn   | Place    | Note
--------------------------------------------------------------
     0 | D:1      | vatarom the High Elf Fire Elementalist began the quest for the Orb.
     0 | D:1      | Reached XP level 1. HP: 11/11 MP: 4/4
   182 | D:1      | Reached XP level 2. HP: 9/17 MP: 0/6
   196 | D:1      | Learned a level 2 spell: Throw Flame
   853 | D:1      | Reached skill level 1 in Fighting
   853 | D:1      | Reached XP level 3. HP: 23/23 MP: 1/7
   858 | D:1      | Learned a level 3 spell: Conjure Flame
  1521 | D:2      | Reached XP level 4. HP: 28/28 MP: 4/8
  1681 | D:2      | Reached skill level 4 in Fire Magic
  2095 | D:2      | Found a stormy altar of Qazlal.
  2096 | D:2      | Noticed an earth elemental
  2103 | D:2      | Noticed a water elemental
  2104 | D:2      | Noticed a fire elemental
  2104 | D:2      | Noticed an air elemental
  2413 | D:3      | Reached XP level 5. HP: 25/34 MP: 2/9
  2726 | D:3      | Noticed a phantom
  2741 | D:3      | Killed a phantom
  3143 | D:3      | Reached XP level 6. HP: 23/41 MP: 10/10
  3622 | D:4      | Reached skill level 5 in Fire Magic
  4028 | D:4      | Reached skill level 5 in Conjurations
  4179 | D:4      | Found a radiant altar of Vehumet.
  4248 | D:4      | Became a worshipper of Vehumet
  4435 | D:4      | Found a shadowy altar of Dithmenos.
  4501 | D:4      | Reached XP level 7. HP: 42/46 MP: 7/11
  4507 | D:4      | Learned a level 4 spell: Sticky Flame
  4749 | D:5      | Entered Level 5 of the Dungeon
  4871 | D:5      | Reached skill level 6 in Fire Magic
  4934 | D:5      | Noticed tasslehoff34's ghost (novice GrMo)
  6022 | D:6      | Found a staircase to the Ecumenical Temple.
  6046 | Temple   | Entered the Ecumenical Temple
  6282 | D:6      | Reached XP level 8. HP: 42/54 MP: 4/12
  6894 | D:6      | Reached skill level 7 in Conjurations
  7048 | D:6      | Reached * piety under Vehumet
  7048 | D:6      | Offered knowledge of Sandblast by Vehumet.
  7286 | D:7      | Learned a level 5 spell: Fireball
  7521 | D:7      | Reached skill level 5 in Spellcasting
  7830 | D:7      | Noticed a blizzard demon
  7831 | D:7      | Found a burning altar of Makhleb.
  7837 | D:7      | Learned a level 3 spell: Mephitic Cloud
  7839 | D:7      | Found a glowing silver altar of Zin.
  7839 | D:7      | Noticed an angel
  8061 | D:7      | Found a sacrificial altar of Ru.
  8077 | D:7      | Found a blossoming altar of Fedhas.
  8106 | D:7      | Reached ** piety under Vehumet
  8106 | D:7      | Offered knowledge of Freeze by Vehumet.
  8182 | D:7      | Learned a level 1 spell: Freeze
  8197 | D:7      | Reached XP level 9. HP: 37/58 MP: 8/20
  8461 | D:7      | Found a basalt altar of Yredelemnul.
  8610 | D:7      | Reached skill level 5 in Dodging
  8786 | D:7      | Found a glowing golden altar of the Shining One.
  9479 | D:8      | Noticed Gastronok
  9487 | D:8      | Killed from afar by Gastronok

Vault maps used:
D:1:      minmay_arrival_five_plusses, hangedman_decor_growths,
          grunt_decor_one_mirror
D:2:      nicolae_qazlal_style_of_elements
D:3:      first_bread
D:4:      lemuel_round_altar, nicolae_dithmenos_the_darkroom
D:5:      fedhas_altar_fruit_tree
D:6:      minmay_temple_entry_glass
D:7:      kennysheep_little_box, grunt_temple_overflow_order_and_chaos_2,
          nicolae_tso_swordbearing_angel, marbit_many_paths, basic_altar,
          kennysheep_another_room, minmay_misc_feat_enclosed, grunt_ogre_cave
D:8:      trog_eyes_of_draining, uniq_gastronok
Temple:   chambers_temple_12

Action                   |  1- 3 |  4- 6 |  7- 9 || total
-------------------------+-------+-------+-------++-------
Melee: Unarmed           |    10 |     2 |       ||    12
       Dagger            |    25 |   113 |       ||   138
       War axe           |       |    48 |   124 ||   172
 Cast: Flame Tongue      |    49 |   111 |   193 ||   353
       Throw Flame       |     5 |     6 |     5 ||    16
       Conjure Flame     |       |     1 |     2 ||     3
       Sticky Flame      |       |       |    18 ||    18
       Mephitic Cloud    |       |       |     6 ||     6
       Fireball          |       |       |     5 ||     5
Evoke: Wand              |       |       |     1 ||     1
  Use: Scroll            |     6 |     3 |     2 ||    11
       Potion            |       |     3 |     8 ||    11
 Stab: Sleeping          |       |     3 |     2 ||     5
  Eat: Chunk             |     1 |     4 |       ||     5
       Bread ration      |     1 |     1 |     2 ||     4
       Meat ration       |       |       |     1 ||     1
       Fruit             |       |       |     3 ||     3
       Pizza             |       |       |     1 ||     1
       Beef jerky        |       |       |     1 ||     1
